 Dungeon Crawl Stone Soup version 0.19.5 (webtiles) character file.

3542 Inarius the Blocker (level 9, -1/78 HPs)
             Began as a Minotaur Fighter on Apr 18, 2017.
             Was an Elder of Okawaru.
             Slain by a hog (9 damage)
             ... on level 7 of the Dungeon.
             The game lasted 00:32:13 (7906 turns).

Inarius the Blocker (Minotaur Fighter)              Turns: 7906, Time: 00:32:14

Health: -1/78      AC: 10    Str: 23    XL:     9   Next: 82%
Magic:  8/8        EV: 11    Int:  8    God:    Okawaru [****..]
Gold:   419        SH: 11    Dex: 11    Spells: 0 memorised, 8 levels left

rFire  + . .     SeeInvis +     C - +8 spear of Contention {holy, SInv}
rCold  x . .     Gourm    +     x - +0 ring mail
rNeg   . . .     Faith    .     c - +0 shield
rPois  .         Spirit   .     (helmet restricted)
rElec  .         Reflect  .     e - +0 cloak
rCorr  .         Harm     .     L - +1 pair of gloves
MR     .....                    (no boots)
Stlth  +.........               h - amulet of the gourmand
                                F - +3 ring of intelligence
                                m - ring of fire

@: no status effects
A: retaliatory headbutt, horns 2
a: Heroism, Renounce Religion


You were on level 7 of the Dungeon.
You worshipped Okawaru.
Okawaru was greatly pleased with you.
You were very full.

You visited 1 branch of the dungeon, and saw 8 of its levels.

You collected 419 gold pieces.

Inventory:

Hand Weapons
 C - the +8 spear of Contention (weapon) {holy, SInv}
   (You found it on level 4 of the Dungeon)

   It has been blessed by the Shining One to cause great damage to the undead
   and demons.
   It lets you see invisible.
Missiles
 d - 4 tomahawks (quivered)
 q - 8 steel javelins
Armour
 c - a +0 shield (worn)
 e - a +0 cloak (worn)
 x - a +0 ring mail (worn)
 L - a +1 pair of gloves (worn)
Jewellery
 h - an amulet of the gourmand (around neck)
 m - a ring of fire (left hand)
 F - a +3 ring of intelligence (right hand)
Wands
 z - a wand of enslavement (9/24)
 E - a wand of confusion (36/48)
 H - a wand of slowing (22/48)
 I - a wand of random effects (33/48)
Scrolls
 g - 2 scrolls of fear {unknown}
 j - 2 scrolls of enchant weapon {unknown}
 k - 3 scrolls of remove curse
 l - a scroll of teleportation
 n - 4 scrolls of amnesia
 p - a scroll of magic mapping {unknown}
 t - a scroll of recharging {unknown}
 y - a scroll of noise {unknown}
 D - 2 scrolls of random uselessness {unknown}
Potions
 b - a potion of curing
 o - 2 potions of berserk rage
 r - a potion of magic
 v - a potion of lignification
 w - a potion of agility
 A - 2 potions of brilliance
 B - a potion of flight
 G - a potion of heal wounds
 J - a potion of might
 K - a potion of cancellation
Comestibles
 a - 2 slices of pizza
 f - 4 bread rations
 i - 10 meat rations
 s - 2 beef jerkies
 u - 2 fruits


   Skills:
 + Level 6.9 Fighting
   Level 3.0 Long Blades
   Level 4.4 Maces & Flails
 + Level 6.1 Polearms
 + Level 5.4 Throwing
 + Level 8.1 Armour
 + Level 4.6 Dodging
 + Level 1.0 Stealth
 + Level 8.3 Shields


You had 8 spell levels left.
You didn't know any spells.

Dungeon Overview and Level Annotations

Branches:
Dungeon (8/15)             Temple (0/1) D:5
   Lair: D:8-11

Altars:
Cheibriados
Hepliaklqana
Kikubaaqudgha
Okawaru
Ru
Sif Muna
Xom
The Shining One


Innate Abilities, Weirdness & Mutations

You reflexively headbutt those who attack you in melee.
You have a pair of horns on your head.


Message History

Your Polearms skill increases to level 6!
You block the hog's attack. The hog bites you.
* * * LOW HITPOINT WARNING * * *
You puncture the hog! Your headbutt misses the hog.
The hog is moderately wounded.
The hog completely misses you. You furiously retaliate!
You headbutt the hog. The hog closely misses you. The hog bites you!
* * * LOW HITPOINT WARNING * * *
The hog misses you. You furiously retaliate!
You headbutt the hog! You block the hog's attack. x2
The hog bites you but does no damage.
There is a stone staircase leading up here.
The hog bites you but does no damage. The hog bites you.
* * * LOW HITPOINT WARNING * * *
You climb upwards.
There is a stone staircase leading down here.
You completely miss the hog. You headbutt the hog.
The hog is severely wounded.
The hog bites you!
You die...

#.## ##...................
##.######...................#
##..##................######
##...................##
##....................##
##..#...................#
##.####.............#....##
#.## #....h........###...##
### #.....@......## ##...##
##..###......# ##...#
##...###....## ##..#
#....###.....# #...
##....#......(# ##..
#.........#...## ##.
##.......####...# ##
##......### ##..## #
##......### #...## #


You could see a hog.

Vanquished Creatures
  A two-headed ogre (D:7)
  A human (D:8)
  The ghost of Vorshek the Cudgeler, an amateur MiCK of Xom (D:3)
  A wyvern (D:7)
  A hog (D:8)
  A hungry ghost (D:6)
  Edmund (D:6)
  A water moccasin (D:5)
  2 phantoms
  A sky beast (D:5)
  4 centaurs
  2 ogres
  Blork the orc (D:6)
  A bullfrog (D:7)
  9 killer bees
  8 wights
  2 crimson imps
  7 hounds
  2 centaur skeletons
  2 orc priests (D:7)
  A bullfrog skeleton (D:4)
  5 iguanas
  An orc wizard (D:4)
  3 worker ants
  A hound skeleton (D:4)
  A howler monkey skeleton (D:4)
  5 adders
  4 oozes
  2 adder skeletons (D:5)
  3 dart slugs
  19 orcs
  A ball python (D:2)
  6 bats
  2 giant cockroaches (D:1)
  11 goblins
  6 hobgoblins
  7 jackals (D:7)
  5 quokkas
  A frilled lizard (D:1)
  4 kobolds
  8 rats
145 creatures vanquished.

Notes
Turn   | Place    | Note
-------+----------+-------------------------------------------
     0 | D:1      | Inarius the Minotaur Fighter began the quest for the Orb.
     0 | D:1      | Reached XP level 1. HP: 19/19 MP: 0/0
   114 | D:1      | Reached XP level 2. HP: 25/27 MP: 1/1
   932 | D:1      | Reached XP level 3. HP: 33/33 MP: 2/2
  1503 | D:2      | Reached skill level 1 in Maces & Flails
  1503 | D:2      | Reached XP level 4. HP: 40/40 MP: 3/3
  1786 | D:3      | Found an iron altar of Okawaru.
  1796 | D:3      | Became a worshipper of Warmaster Okawaru
  2105 | D:3      | Noticed Vorshek's ghost (amateur MiCK)
  2319 | D:3      | Reached skill level 1 in Dodging
  2735 | D:3      | Killed Vorshek's ghost
  2735 | D:3      | Reached skill level 5 in Armour
  2735 | D:3      | Reached skill level 5 in Shields
  2735 | D:3      | Reached XP level 5. HP: 33/47 MP: 4/4
  2735 | D:3      | Reached XP level 6. HP: 37/53 MP: 5/5
  2902 | D:4      | Found a hazy altar of Hepliaklqana.
  2962 | D:4      | Reached * piety under Okawaru
  3316 | D:4      | Got a polished spear
  3440 | D:4      | Reached XP level 7. HP: 57/60 MP: 6/6
  3558 | D:4      | Reached ** piety under Okawaru
  3588 | D:4      | Identified the +8 spear of Contention {holy, SInv} (You found it on level 4 of the Dungeon)
  3740 | D:5      | Entered Level 5 of the Dungeon
  3979 | D:5      | Reached skill level 1 in Throwing
  4005 | D:5      | Found a staircase to the Ecumenical Temple.
  4129 | D:5      | Found a deep blue altar of Sif Muna.
  4179 | D:5      | Reached skill level 5 in Fighting
  4190 | D:5      | Reached skill level 1 in Polearms
  4479 | D:5      | Reached XP level 8. HP: 68/68 MP: 7/7
  4915 | D:6      | Noticed Edmund
  4925 | D:6      | Killed Edmund
  4944 | D:6      | Found a snail-covered altar of Cheibriados.
  5026 | D:6      | Noticed Blork the orc
  5035 | D:6      | Killed Blork the orc
  5035 | D:6      | Reached *** piety under Okawaru
  5422 | D:6      | Found a glowing golden altar of the Shining One.
  5702 | D:6      | Reached skill level 1 in Stealth
  6111 | D:8      | Reached XP level 9. HP: 36/75 MP: 5/8
  6605 | D:7      | Reached **** piety under Okawaru
  6847 | D:7      | Reached skill level 5 in Polearms
  6887 | D:7      | Found a sacrificial altar of Ru.
  6887 | D:7      | Found a shimmering altar of Xom.
  6890 | D:7      | Found an ancient bone altar of Kikubaaqudgha.
  6945 | D:7      | Found a sacrificial altar of Ru.
  7639 | D:8      | Reached skill level 5 in Throwing
  7906 | D:7      | Slain by a hog

Skill      XL: |  1  2  3  4  5  6  7  8  9 |
---------------+----------------------------+-----
Fighting       | 4 5 6 |  6.9
Shields        | 4 5 6 7 8 |  8.3
Long Blades    | 3 |  3.0
Armour         | 4 5 6 7 8 |  8.1
Maces & Flails | 1 2 4 |  4.4
Dodging        | 2 3 4 |  4.6
Throwing       | 1 3 5 |  5.4
Polearms       | 1 4 6 |  6.1
Stealth        | 1 |  1.0

Action                   |  1- 3 |  4- 6 |  7- 9 || total
-------------------------+-------+-------+-------++-------
Melee: Long sword        |    36 |       |       ||    36
       Headbutt          |     8 |    17 |    46 ||    71
       Mace              |    30 |   129 |     4 ||   163
       Spear             |       |       |   186 ||   186
Throw: Tomahawk          |       |     6 |    74 ||    80
       Javelin           |       |       |     2 ||     2
Invok: Heroism           |       |       |     1 ||     1
  Use: Potion            |       |     1 |     3 ||     4
       Scroll            |       |     3 |    10 ||    13
  Eat: Chunk             |    16 |     6 |    14 ||    36
Armor: Scale mail        |    22 |       |       ||    22
       Ring mail         |     7 |    49 |    61 ||   117
Dodge: Dodged            |    21 |    42 |    78 ||   141
Block: Shield            |    46 |    64 |   120 ||   230
       Rpst.: Long sword |     2 |       |       ||     2
